 Dungeon Crawl Stone Soup version 0.28-a0-1286-g6bde065e89 (webtiles) character file.

Game seed: 1711400457520150446

2631 gimp the Cleaver (level 9, -9/78 HPs)
             Began as a Demigod Wanderer on Dec 26, 2021.
             Mangled by a gnoll (17 damage)
             ... in a bailey on Dec 27, 2021.
             The game lasted 00:12:51 (8218 turns).

gimp the Cleaver (Demigod Wanderer)                 Turns: 8218, Time: 00:12:51

Health: -9/78      AC: 14    Str: 25    XL:     9   Next: 13%
Magic:  11/11      EV: 10    Int: 15    God:
Gold:   312        SH:  5    Dex: 15    Spells: 8/8 levels left

rFire   . . .      SeeInvis .   a - +0 war axe
rCold   + + .      Faith    .   d - +0 buckler
rNeg    . . .      Spirit   .   v - +4 ring mail of the Scribe {rPois Int+3}
rPois   +          Reflect  .   E - +0 helmet
rElec   .          Harm     .   (no cloak)
rCorr   .          Rampage  .   f - +0 pair of gloves
Will    .....                   I - +2 pair of boots
Stlth   +.........              (no amulet)
HPRegen 0.23/turn               m - ring of protection from cold
MPRegen 0.12/turn               F - ring of protection from cold

@: hasted, very quick
A: high mp 1, forlorn, divine attributes
a: no special abilities


You were in a bailey.
You visited 1 branch of the dungeon, and saw 7 of its levels.
You also visited: Ossuary and Bailey.

You collected 312 gold pieces.

Inventory:

Hand Weapons
 a - a +0 war axe (weapon)
 b - a +0 hunting sling
Missiles
 c - 39 sling bullets
 g - 4 silver javelins (quivered)
 h - 186 stones
 o - 7 poisoned darts
Armour
 d - a +0 buckler (worn)
 f - a +0 pair of gloves (worn)
 n - a +0 scale mail of poison resistance
 v - the +4 ring mail of the Scribe (worn) {rPois Int+3}
   (You found it on level 4 of the Dungeon)

   Int:       It affects your intelligence (+3).
   rPois:     It protects you from poison.
 E - a +0 helmet (worn)
 G - a +2 leather armour of willpower
 I - a +2 pair of boots (worn)
Jewellery
 m - a ring of protection from cold (left hand)
 A - a +6 ring of intelligence
 F - a ring of protection from cold (right hand)
Wands
 B - a wand of digging (4)
Scrolls
 e - a scroll of silence {unknown}
 i - 3 scrolls of enchant armour {unknown}
 j - 3 scrolls of vulnerability {unknown}
 k - a scroll of acquirement {unknown}
 l - 2 scrolls of immolation
 r - a scroll of brand weapon {unknown}
 s - a scroll of fear {unknown}
 y - a scroll of holy word {unknown}
 D - a scroll of enchant weapon {unknown}
 H - a scroll of fog
Potions
 q - a potion of heal wounds
 t - 3 potions of curing
 u - 3 potions of attraction
 x - a potion of flight
 z - a potion of brilliance
 C - 2 potions of magic


   Skills:
 + Level 6.5 Fighting
 * Level 10.4 Axes
 - Level 1.0 Slings
 - Level 1.0 Armour
 - Level 2.6 Shields


You had 8 spell levels left.
You didn't know any spells.
Your spell library contained the following spells:

 Spells                   Type           Power      Damage    Failure   Level
 Animate Skeleton         Necr           0%         N/A       45%         1
 Apportation              Tloc           0%         N/A       45%         1
 Magic Dart               Conj           0%         1d3       45%         1
 Summon Small Mammal      Summ           0%         N/A       45%         1
 Call Imp                 Summ           0%         N/A       58%         2
 Conjure Flame            Conj/Fire      0%         6-21      83%         3
 Gell's Gravitas          Tloc           0%         N/A       83%         3
 Ignite Poison            Fire/Tmut/Pois 0%         N/A       83%         3
 Lesser Beckoning         Tloc           0%         N/A       83%         3
 Mephitic Cloud           Conj/Pois/Air  0%         N/A       83%         3
 Ozocubu's Armour         Ice            0%         N/A       83%         3
 Teleport Other           Tloc           0%         N/A       83%         3
 Fulminant Prism          Conj/Hex       0%         3d6       99%         4
 Iskenderun's Mystic Bla  Conj/Tloc      0%         2d3       99%         4
 Sticky Flame             Conj/Fire      0%         2d3       99%         4
 Lee's Rapid Deconstruct  Erth           0%         3d5*      100%        5
 Metabolic Englaciation   Hex/Ice        0%         N/A       100%        5
 Simulacrum               Ice/Necr       0%         N/A       100%        6
 Ozocubu's Refrigeration  Ice            0%         4d5       100%        7
 Necromutation            Tmut/Necr      0%         N/A       100%        8


Dungeon Overview and Level Annotations

Branches:
Dungeon (7/15)             Temple (0/1) D:4         Ossuary (visited)
 Bailey (1/1)

Shops:
D:5 (


Innate Abilities, Weirdness & Mutations

You have an increased reservoir of magic. (+10% MP)
You shall have no god before yourself.
Your divine heritage dramatically boosts your attributes as you level up.


Message History

You hit the orc knight.
The orc knight is lightly wounded.
The gnoll hits you but does no damage.
The orc knight hits you with a +0 halberd!!
You take 22 damage, and have 24/78 hp.
MASSIVE DAMAGE!!
You feel much better.
You regained 31 hp, and now have 55/78 hp.
You slash the orc knight!
The orc knight is moderately wounded.
The gnoll closely misses you. The orc knight barely misses you.
You miss the orc knight.
The orc knight is moderately wounded.
The gnoll closely misses you. You block the orc knight's attack.
You barely miss the orc knight.
The orc knight is moderately wounded.
You barely miss the orc knight.
The orc knight is moderately wounded.
The gnoll hits you from afar with a +2 halberd of electrocution.
The orc knight hits you with a +0 halberd!!
You take 19 damage, and have 37/78 hp.
MASSIVE DAMAGE!!
You barely miss the orc knight.
The orc knight is moderately wounded.
You block the gnoll's attack.
The orc knight hits you with a +0 halberd!
You take 9 damage, and have 28/78 hp.
You hit the orc knight but do no damage.
The orc knight is moderately wounded.
The gnoll barely misses you.
You hit the orc knight.
The orc knight is moderately wounded.
The orc knight complains repeatedly.
The orc knight hits you with a +0 halberd!
* * * LOW HITPOINT WARNING * * *
You take 9 damage, and have 19/78 hp.
You slash the orc knight!
The orc knight is moderately wounded.
The gnoll hits you from afar with a +2 halberd of electrocution!
* * * LOW HITPOINT WARNING * * *
You are electrocuted!
You die...

##### ### ###
#ggo###)###.#
#'###@##'##'##
.!# ##.....##
!g!.
###.....###
+!.⌠.
#)'..⌠..')#
#.!.!
###.....###
#!.! ##.....##
+##+
+###'##'##'##
#.#.###)###.#
### ### #####
### #'#


You could see an orc knight and 2 gnolls.

Vanquished Creatures
  4 vampire mosquitoes (D:6)
  A sky beast (D:4)
  2 black bears (D:5)
  2 ogres (D:6)
  2 elf zombies (Ossuary)
  A kobold brigand (D:6)
  A bullfrog (D:6)
  A water moccasin zombie (D:6)
  2 scorpions
  A centaur zombie (Ossuary)
  A jelly (D:5)
  A gnoll shaman (D:5)
  2 orc priests (D:4)
  A hound (D:4)
  4 human zombies (Ossuary)
  2 bullfrog skeletons
  An iguana (D:6)
  Ijyb (D:4)
  Natasha (thrice) (D:2)
  2 orc wizards (D:4)
  2 hound zombies
  2 hound skeletons (D:5)
  4 mummies
  A howler monkey zombie (D:6)
  A howler monkey skeleton (D:6)
  11 adders
  15 gnolls
  An adder skeleton (D:2)
  3 adder zombies (Ossuary)
  2 dart slugs
  26 orcs
  5 ball pythons
  2 bats
  2 bat zombies (D:2)
  9 endoplasms
  4 giant cockroaches
  10 goblins
  11 hobgoblins
  2 jackals (D:3)
  16 kobolds
  2 quokkas
  2 frilled lizards
  A gnoll zombie (Ossuary)
  4 goblin zombies (Ossuary)
  4 hobgoblin zombies (Ossuary)
  4 jackal zombies (Ossuary)
  2 kobold zombies (Ossuary)
  4 orc zombies (Ossuary)
  A quokka skeleton (D:2)
  A quokka zombie (Ossuary)
  4 rats
  2 rat zombies (Ossuary)
195 creatures vanquished.

Vanquished Creatures (others)
  Maggie (D:7)
  A goblin (D:7)
  A withered plant (D:2)
3 creatures vanquished.

Grand Total: 198 creatures vanquished

Notes
Turn   | Place    | Note
-------+----------+-------------------------------------------
     0 | D:1      | gimp the Demigod Wanderer began the quest for the Orb.
     0 | D:1      | gimp set off with the following items: a +0 war axe, a +0
                  | hunting sling, 19 sling bullets, a +0 buckler, a +0 leather
                  | armour
     0 | D:1      | Reached XP level 1. HP: 16/16 MP: 3/3
    29 | D:1      | Reached skill level 4 in Axes
    35 | D:1      | Reached XP level 2. HP: 4/23 MP: 4/4
  1036 | D:2      | Reached XP level 3. HP: 9/28 MP: 5/5
  1546 | D:2      | Reached skill level 5 in Axes
  1718 | D:2      | Reached XP level 4. HP: 35/35 MP: 6/6
  2026 | D:2      | Noticed Natasha
  2032 | D:2      | Killed Natasha
  2045 | D:2      | Noticed Natasha
  2050 | D:2      | Killed Natasha
  2057 | D:2      | Noticed Natasha
  2061 | D:2      | Killed Natasha
  2087 | D:3      | Reached XP level 5. HP: 33/41 MP: 7/7
  3095 | D:4      | Reached skill level 6 in Axes
  3146 | D:4      | Noticed a sky beast
  3188 | D:4      | Killed a sky beast
  3189 | D:4      | Reached XP level 6. HP: 21/50 MP: 8/8
  3203 | D:4      | Found a staircase to the Ecumenical Temple.
  3239 | D:4      | Identified the +4 ring mail of the Scribe {rPois Int+3}
  3303 | D:4      | Found a sand-covered staircase.
  3404 | Ossuary  | Entered an ossuary
  3538 | Ossuary  | Reached skill level 7 in Axes
  3574 | Ossuary  | Reached XP level 7. HP: 57/57 MP: 9/9
  4589 | D:4      | Reached skill level 8 in Axes
  4800 | D:5      | Entered Level 5 of the Dungeon
  4800 | D:5      | Noticed Ijyb
  4823 | D:4      | Killed Ijyb
  4840 | D:5      | Found Kythreh's Antique Weapon Emporium.
  5113 | D:5      | Reached XP level 8. HP: 61/67 MP: 10/10
  5329 | D:5      | Reached skill level 5 in Fighting
  5761 | D:6      | Got the Almanac of the Snowflakes and Dark Arts
  5944 | D:6      | Reached skill level 9 in Axes
  6158 | D:6      | Identified the +5 mace of Trial by Ordeal {venom, Fragile
                  | rC+ SInv}
  7063 | D:6      | Reached skill level 10 in Axes
  7366 | D:7      | Found a flagged portal.
  7366 | D:7      | Noticed Maggie
  7378 | D:6      | Reached XP level 9. HP: 63/75 MP: 11/11
  7444 | D:7      | Killed Maggie
  7463 | Bailey   | Entered a bailey
  8200 | Bailey   | Noticed an orc knight
  8218 | Bailey   | Mangled by a gnoll

Illustrated notes

Levels and vault maps discovered:
D:1:      psy_arrival_dodecagon, layout_basic
D:2:      layout_loops_ring, serial_undead, serial_undead_f, serial_undead_d,
          serial_undead_d, serial_undead_e, serial_undead_b, serial_undead_d,
          serial_undead_f, uniq_natasha
D:3:      cheibrodos_greedy_goblins, layout_basic,
          shapermc_ecumenical_altar_flowoftime
D:4:      layout_gridville, minmay_temple_entry_sparse_star,
          gup_ossuary_entry_pyramid, minmay_joined_circles
D:5:      layout_basic, serial_shops, shop, uniq_ijyb
D:6:      layout_basic
D:7:      layout_basic, nicolae_sif_muna_condensation, enter_bailey_5,
          gammafunk_ghost_abyssal_escape, nicolae_shop_self_help, uniq_maggie
Bailey:   bailey_polearm_nasty_gnolls, bailey

Skill      XL: |  1  2  3  4  5  6  7  8 |
---------------+-------------------------+-----
Axes           | 4 5 6 7 8 10 | 10.4
Fighting       | 2 3 4 6 |  6.5
Slings         | |  1.0
Armour         | |  1.0
Shields        | |  2.6

Action                   |  1- 3 |  4- 6 |  7- 9 || total
-------------------------+-------+-------+-------++-------
Melee: War axe           |   101 |   211 |   401 ||   713
 Fire: Hunting sling     |       |       |    10 ||    10
Evoke: Wand              |       |       |     5 ||     5
  Use: Scroll            |       |     2 |    11 ||    13
       Potion            |       |       |     7 ||     7
 Stab: Sleeping          |     1 |       |       ||     1
       Invisible         |       |       |     2 ||     2
Armor: Leather armour    |    20 |       |       ||    20
       Scale mail        |    18 |    76 |       ||    94
       Ring mail         |       |    30 |   185 ||   215
       Skin              |       |       |    26 ||    26
Dodge: Dodged            |    50 |    72 |   193 ||   315
Block: Buckler           |    25 |    37 |   103 ||   165

Table legend: (Time is in decaauts)
 A = Elapsed time spent in this place.
 B = Non-inter-level travel time spent in this place.
 C = Inter-level travel time spent in this place.
 D = Time resting spent in this place.
 E = Time spent auto-exploring this place.
 F = Levels seen in this place.
 G = Mean time per level.
                   A        B        C        D        E       F      G
               +--------+--------+--------+--------+--------+-----+--------+
         Total |   8345 |   8124 |    221 |   1734 |   4547 |   9 |  927.2 |
       Dungeon |   6992 |   6771 |    221 |   1251 |   4146 |   7 |  998.9 |
       Ossuary |    599 |    599 |      0 |      0 |    397 |   1 |  599.0 |
        Bailey |    753 |    753 |      0 |    483 |      4 |   1 |  753.0 |
               +--------+--------+--------+--------+--------+-----+--------+

Top non-repeatable levels by time:
     D:5: 1326 daAuts
     D:6: 1284 daAuts
     D:1: 1235 daAuts
     D:4: 1212 daAuts
     D:3: 999 daAuts
     D:2: 894 daAuts
  Bailey: 753 daAuts
 Ossuary: 599 daAuts
     D:7: 40 daAuts
